 Dungeon Crawl Stone Soup version 0.23.2-1-ga50397a (webtiles) character file.

Game seed: 6637170884437721027

2980 Borgoz the Cleaver (level 9, -1/123 HPs)
             Began as a Minotaur Monk on May 25, 2019.
             Was a Priest of Ashenzari.
             Slain by a troll (2 damage)
             ... on level 8 of the Dungeon.
             The game lasted 00:07:40 (7666 turns).

Borgoz the Cleaver (Minotaur Monk)                  Turns: 7666, Time: 00:07:40

Health: -1/123     AC: 24    Str: 20    XL:     9   Next: 53%
Magic:  8/8        EV:  2    Int:  7    God:    Ashenzari [***...]
Gold:   426        SH:  0    Dex: 12    Spells: 8/8 levels left

rFire    . . .     SeeInvis +   a - +0 hand axe
rCold    . . .     Gourm    .   (no shield)
rNeg     + + +     Faith    .   (armour currently unavailable)
rPois    +         Spirit   .   (helmet currently unavailable)
rElec    .         Reflect  .   (cloak currently unavailable)
rCorr    .         Harm     .   (gloves currently unavailable)
MR       .....     NoTele   +   (boots currently unavailable)
Stlth    ++........             (no amulet)
HPRegen  0.30/turn              (no ring)
MPRegen  0.11/turn              (no ring)

@: tree-form
A: (retaliatory headbutt)
a: Curse Item, Scrying, Renounce Religion


You were on level 8 of the Dungeon.
You worshipped Ashenzari.
Ashenzari was most pleased with you.
You were not hungry.
You were a tree.
You visited 2 branches of the dungeon, and saw 9 of its levels.

You collected 426 gold pieces.

Inventory:

Hand Weapons
 a - a +0 hand axe (weapon)
Armour
 e - a +0 pair of gloves (melded)
 i - the +0 buckler "Bourph" {Regen+ Int-5 Dex+2}
   (You found it on level 5 of the Dungeon)

   It affects your intelligence (-5).
   It affects your dexterity (+2).
   It increases your rate of regeneration.
 q - a +0 pair of boots (melded)
 u - a +2 scale mail of poison resistance (melded)
Wands
 x - a wand of acid (8)
Scrolls
 b - 3 scrolls of enchant armour {unknown}
 h - a scroll of blinking
 k - 2 scrolls of remove curse
 l - a scroll of teleportation
 n - 2 scrolls of fear
 o - 2 scrolls of magic mapping {unknown}
 p - 2 scrolls of fog {unknown}
 r - a scroll of amnesia
 s - a scroll of random uselessness {unknown}
Potions
 d - a potion of lignification
 f - 2 potions of haste
 g - a potion of curing
 j - a potion of flight {unknown}
 m - 2 potions of ambrosia
 v - a potion of invisibility {unknown}
 w - 2 potions of heal wounds {unknown}
Comestibles
 c - 14 rations


   Skills:
 + Level 8.8 Fighting
 + Level 8.8 Axes
 + Level 7.8 Armour
 + Level 8.0 Dodging
 - Level 1.5 Stealth


You had 8 spell levels left.
You didn't know any spells.
Your spell library was empty.

Dungeon Overview and Level Annotations

Branches:
Dungeon (8/15)             Temple (1/1) D:4
   Lair: D:8-11

Altars:
Ashenzari
Cheibriados
Dithmenos
Elyvilon
Fedhas
Gozag
Hepliaklqana
Kikubaaqudgha
Makhleb
Nemelex Xobeh
Okawaru
Qazlal
Ru
Sif Muna
Trog
Uskayaw
Vehumet
Wu Jian
Xom
Yredelemnul
Zin
The Shining One


Innate Abilities, Weirdness & Mutations

((You reflexively headbutt those who attack you in melee.))
((You have a pair of horns on your head.))


Message History

You kill the wolf!
Your Dodging skill increases to level 8!
The wolf bites you but does no damage. The hound bites you but does no damage.
The troll bites you!
* * * LOW HITPOINT WARNING * * *
The troll claws you but does no damage. x2
The wolf bites you but does no damage. The hound bites you but does no damage.
You feel better.
You feel less invigorated. The wolf bites you but does no damage.
The troll bites you.
* * * LOW HITPOINT WARNING * * *
The troll claws you!
* * * LOW HITPOINT WARNING * * *
The troll claws you.
* * * LOW HITPOINT WARNING * * *
The hound bites you but does no damage. The wolf bites you but does no damage.
You feel better. The hound bites you but does no damage.
The wolf bites you but does no damage. The troll bites you!
* * * LOW HITPOINT WARNING * * *
The troll claws you but does no damage. The troll claws you.
You die...

, , , ,, , , ,
#%.#... ,,,,
$.#... +
#..?.### * , ,,
*#......, . , ,
, ,.....###.# *
* *
######W5.....<#
......Thh...# *
* #..†♣†# ,* ,
.....##<†#### ,
, ** ###
#<.>..$# , ,
*,#.#.##.# * *
..#.# ,# *,
#...[# , **
#.#### * , ,#.
**, , * * .. ,
*


You could see a troll, a phantom, a wolf, a hound and a crimson imp.

Vanquished Creatures
  A hippogriff (D:7)
  A wyvern (D:7)
  Eustachio (D:6)
  A hungry ghost (D:7)
  3 ice beasts
  2 sky beasts (D:7)
  2 ogres (D:5)
  A wolf (D:8)
  A centaur (D:6)
  2 bullfrogs (D:7)
  A scorpion (D:4)
  6 killer bees
  2 howler monkeys
  3 crimson imps
  A bullfrog zombie (D:5)
  2 centaur skeletons
  4 orc wizards
  8 hounds
  3 orc priests
  A jelly (D:7)
  Jessica (D:2)
  6 worker ants
  A howler monkey skeleton (D:5)
  11 adders
  2 adder skeletons
  2 worms
  3 dart slugs
  3 leopard geckos
  18 orcs
  4 ball pythons
  4 giant cockroaches
  11 goblins
  7 hobgoblins
  12 jackals
  4 quokkas
  6 bats
  6 frilled lizards
  A giant cockroach zombie (D:6)
  11 kobolds
  5 rats
164 creatures vanquished.

Notes
Turn   | Place    | Note
-------+----------+-------------------------------------------
     0 | D:1      | Borgoz the Minotaur Monk began the quest for the Orb.
     0 | D:1      | Reached XP level 1. HP: 19/19 MP: 0/0
   441 | D:1      | Reached XP level 2. HP: 24/27 MP: 1/1
   531 | D:1      | Reached skill level 1 in Armour
  1407 | D:2      | Noticed a crimson imp
  1409 | D:2      | Reached XP level 3. HP: 32/33 MP: 2/2
  1440 | D:2      | Reached XP level 4. HP: 40/41 MP: 3/3
  1581 | D:2      | Found a hide-covered altar of Uskayaw.
  1642 | D:2      | You fall through a shaft for 2 floors!
  1642 | D:4      | Found a staircase to the Ecumenical Temple.
  1659 | Temple   | Entered the Ecumenical Temple
  1672 | Temple   | Became a worshipper of Ashenzari the Shackled
  1672 | Temple   | Reached * piety under Ashenzari
  1672 | Temple   | Reached ** piety under Ashenzari
  1869 | D:4      | Reached XP level 5. HP: 32/47 MP: 4/4
  2129 | D:2      | Noticed Jessica
  2136 | D:2      | Killed Jessica
  2163 | D:2      | Reached skill level 5 in Fighting
  2316 | D:2      | Reached skill level 5 in Axes
  2851 | D:2      | Found an iron altar of Okawaru.
  2851 | D:2      | Found a shimmering altar of Xom.
  2851 | D:2      | Found a white marble altar of Elyvilon.
  3366 | D:3      | Reached XP level 6. HP: 48/56 MP: 5/5
  3912 | D:4      | Reached skill level 5 in Dodging
  4161 | D:5      | Entered Level 5 of the Dungeon
  4177 | D:5      | Reached XP level 7. HP: 58/62 MP: 6/6
  4553 | D:5      | Got the uncursed buckler "Bourph" {Regen+ Int-5 Dex+2}
  4638 | D:5      | Reached skill level 5 in Armour
  5436 | D:6      | Reached XP level 8. HP: 61/71 MP: 7/7
  5643 | D:6      | Found a shattered altar of Ashenzari.
  5843 | D:6      | Noticed Eustachio
  5876 | D:6      | Killed Eustachio
  6331 | D:7      | Noticed a hippogriff
  6344 | D:7      | Killed a hippogriff
  6364 | D:7      | Reached *** piety under Ashenzari
  6837 | D:7      | Found a glowing golden altar of the Shining One.
  6881 | D:7      | Reached XP level 9. HP: 74/81 MP: 8/8
  7261 | D:7      | Found a blossoming altar of Fedhas.
  7647 | D:8      | Noticed a troll
  7664 | D:8      | HP: 6/123 [troll (8)]
  7666 | D:8      | HP: 1/123 [troll (11)]
  7666 | D:8      | Slain by a troll

Skill      XL: |  1  2  3  4  5  6  7  8  9 |
---------------+----------------------------+-----
Armour         | 1 2 3 4 5 6 7 |  7.8
Fighting       | 4 5 6 8 |  8.8
Axes           | 4 5 6 7 8 |  8.8
Dodging        | 4 5 6 7 8 |  8.0
Stealth        | |  1.5

Action                   |  1- 3 |  4- 6 |  7- 9 || total
-------------------------+-------+-------+-------++-------
Melee: Hand axe          |    61 |   198 |   279 ||   538
       Headbutt          |    12 |    29 |    58 ||    99
  Use: Scroll            |       |     9 |     1 ||    10
       Potion            |       |       |     5 ||     5
 Stab: Sleeping          |     2 |       |       ||     2
  Eat: Chunk             |     2 |     9 |    16 ||    27
Armor: Robe              |    10 |     1 |       ||    11
       Scale mail        |       |    88 |   150 ||   238
       Skin              |       |       |    27 ||    27
Dodge: Dodged            |    40 |   146 |   218 ||   404
